 Dungeon Crawl Stone Soup version 0.32-a0-411-g744942f433 (webtiles) character file.

Game seed: 7650162351000577782

175 zenocrate the Sneak (level 5, 29/29 HPs)
             Began as a Felid Delver on Feb 20, 2024.
             Quit the game on level 3 of the Dungeon.
             The game lasted 00:03:26 (2854 turns).

zenocrate the Sneak (Felid Delver)                  Turns: 2854, Time: 00:03:27

Health: 29/29      AC:  1    Str:  8    XL:     5   Next: 29%
Magic:  6/6        EV: 19    Int: 20    God:
Gold:   227        SH:  0    Dex: 19    Spells: 4/4 levels left
                                        Lives:  0   Deaths: 2

rFire   . .          .
                       - Unarmed
rCold   . . .        (shield unavailable)
rNeg    . . .        (body armour unavailable)
rPois   .            (helmet unavailable)
rElec   .            (cloak unavailable)
rCorr   .            (gloves unavailable)
SInv    +            (boots unavailable)
Will    .....        (no amulet)
Stlth   ++++         k - +6 ring of intelligence
HPRegen 0.24/turn    (no ring)
MPRegen 0.10/turn

%: no passive effects
@: no status effects
A: very small, claws 1, fangs 3, see invisible, shaggy fur 1, stealthy paws, no
weapons or thrown items, no armour, multi-lived
a: no special abilities


You were on level 3 of the Dungeon.
You visited 1 branch of the dungeon, and saw 5 of its levels.

You collected 227 gold pieces.

Inventory:

Jewellery
 k - a +6 ring of intelligence (left paw)
Wands
 e - a wand of digging (3)
Scrolls
 b - 3 scrolls of revelation
 d - 2 scrolls of immolation {unknown}
 f - 3 scrolls of identify {unknown}
 g - 2 scrolls of enchant armour {unknown}
 h - 3 scrolls of teleportation {unknown}
 i - a scroll of vulnerability {unknown}
 l - a scroll of noise {unknown}
 m - a scroll of acquirement {unknown}
 n - a scroll of fog


   Skills:
 + Level 3.8 Fighting
 + Level 4.1 Dodging
 * Level 7.8 Stealth
 + Level 3.3 Unarmed Combat


You had 4 spell levels left.
You didn't know any spells.
Your spell library contained the following spells:

 Spells                   Type           Power      Damage    Failure   Level
 Call Canine Familiar     Summ           0%         N/A       50%         3
 Sigil of Binding         Hex            0%         N/A       50%         3
 Dimensional Bullseye     Hex/Tloc       Unusable   N/A       N/A         4

Dungeon Overview and Level Annotations

Branches:
Dungeon (5/15)
 Temple: D:4-7

Altars:
Ashenzari
Cheibriados
Wu Jian
Yredelemnul


Innate Abilities, Weirdness & Mutations

You have sharp claws.
You have razor-sharp teeth.
You have supernaturally acute eyesight. (SInv)
You are covered in fur. (AC +1)
Your paws help you pounce on unaware monsters.
You are incapable of wielding weapons or throwing items.
You cannot wear armour.
You gain extra lives every three experience levels.


Message History

It was a potion of attraction.
You feel attractive to monsters. The orc priest misses you.
It was a potion of cancellation.
Your magical effects are unravelling.
You feel magically purged.
The orc priest mumbles some strange prayers to Beogh against you.
Beogh smites you!
* * * LOW HITPOINT WARNING * * *
You feel less attractive to monsters.
It was a potion of enlightenment.
You feel very buoyant.
You fly up into the air.
The orc priest completely misses you.
The orc priest shouts, "Beogh offers mercy even to people such as you.
Join us and be reborn!"
You scratch the orc priest.
The orc priest is moderately wounded.
The orc priest closely misses you.
Unknown command.
You closely miss the orc priest.
The orc priest is moderately wounded.
The orc priest shouts, "Beogh offers mercy even to people such as you.
Join us and be reborn!"
The orc priest misses you.
The orc priest begins to cast a cantrip, but forgets the words!
Unknown command.
Okay, then.
Unknown command.
Okay, then.
Okay, then.
You aren't carrying any potions.
Unknown command.
You claw the orc priest!
The orc priest is almost dead.
The orc priest hits you with a +0 club.
You die...
The orc priest calls upon Beogh to heal the orc priest.
The orc priest is healed somewhat.
You hear a shout!
You rejoin the land of the living...
Unknown command.
Are you sure you want to abandon this character and quit the game? (Confirm with "yes".)

#.........### #..##.####.####
##...####...#####..##..........
###...##
###..##...)...#####.### >...#.#
##.##.....#.## #.... ##....#
####.....##....# ####. #.#..#
#.>.....#####..#### #. ##÷#..#
#.....### #.....####. ...##.#
####.#########.)...##.. .####.#
#.#@................ .#
#.#########..##########....#.
.# #.#...#...#.## ###.... ##
###._...ß.#.## #.### #
#...#...#..# #.# ######.###.#
#.## #.ß.#...##.# #..##
#......ß#..### ##..#
####...#...#....# ######.#


There were no monsters in sight!

Vanquished Creatures
  Natasha (D:2)
  4 adders
  A dart slug (D:1)
  3 ribbon worms (D:2)
  2 orcs (D:3)
  8 ball pythons
  4 endoplasms
  A giant cockroach (D:2)
  8 goblins
  3 hobgoblins
  7 jackals
  7 kobolds
  2 quokkas
  A bat (D:3)
  2 frilled lizards
  6 rats
60 creatures vanquished.

Notes
Turn   | Place    | Note
-------+----------+-------------------------------------------
     0 | D:5      | zenocrate the Felid Delver began the quest for the Orb.
     0 | D:5      | Reached XP level 1. HP: 12/12 MP: 2/2
    18 | D:5      | Noticed a scorpion
    18 | D:5      | Noticed a scorpion
    19 | D:5      | Noticed a hound
    95 | D:5      | Found a snail-covered altar of Cheibriados.
    96 | D:5      | Noticed an iguana
    99 | D:5      | Noticed an ogre
   106 | D:5      | Found a basalt altar of Yredelemnul.
   186 | D:4      | Noticed an ice beast
   201 | D:4      | Noticed an iguana
   205 | D:4      | Noticed a jelly
   244 | D:2      | Reached XP level 2. HP: 11/16 MP: 3/3
   510 | D:1      | Reached XP level 3. HP: 15/17 MP: 4/4
   634 | D:1      | Reached skill level 7 in Stealth
  1404 | D:2      | Identified the +8 dagger of Annoyance {drain, rPois Str+6}
  1510 | D:2      | Reached XP level 4. HP: 11/24 MP: 5/5
  1510 | D:2      | Gained a life (2 lives remaining)
  1707 | D:2      | Noticed Natasha
  1710 | D:2      | Killed Natasha
  2221 | D:3      | Reached XP level 5. HP: 29/29 MP: 6/6
  2266 | D:3      | Found a broken altar of Ashenzari.
  2294 | D:3      | Killed from afar by an orc priest
  2294 | D:3      | Lost a life (1 life remaining)
  2509 | D:3      | Found an ornate altar of the Wu Jian Council.
  2845 | D:3      | HP: 1/29 [orc priest/divine providence (7)]
  2853 | D:3      | Slain by an orc priest
  2853 | D:3      | Lost a life (0 lives remaining)
  2854 | D:3      | Quit the game

Illustrated notes

Levels and vault maps discovered:
D:1:      lightli_iron_boxes, layout_loops_corners, st_stairs_10
D:2:      layout_loops_cross, uniq_natasha
D:3:      layout_rooms, nicolae_wu_jian_immortal_techniques,
          ashenzari_conservatory_becter
D:4:      layout_gridville, gup_sewer_entry_pipe, serial_shops,
          nicolae_shop_rolling_square, chequers_serial_rivers_room_a
D:5:      layout_basic, mainiacjoe_overflow_catwalk, lemuel_tele_altar,
          yredelemnul_altar_generic, hangedman_glass_teeth, uniq_prince_ribbit1,
          uniq_edmund, uniq_ijyb

Skill      XL: |  1  2  3  4 |
---------------+-------------+-----
Dodging        | 3 4 |  4.1
Stealth        | 7 |  7.8
Unarmed Combat | 3 |  3.3
Fighting       | |  3.8

Action                     |  1- 3 |  4- 6 || total
---------------------------+-------+-------++-------
  Melee: Unarmed           |    87 |    70 ||   157
         Bite              |     6 |     9 ||    15
         Punch             |     1 |     1 ||     2
    Use: Potion            |     1 |     5 ||     6
         Scroll            |     1 |     2 ||     3
   Stab: Sleeping          |     9 |    12 ||    21
         Distracted        |     1 |       ||     1
 Armour: Skin              |    26 |    16 ||    42
  Dodge: Dodged            |    53 |    44 ||    97

Table legend: (Time is in decaauts)
 A = Elapsed time spent in this place.
 B = Non-inter-level travel time spent in this place.
 C = Inter-level travel time spent in this place.
 D = Time resting spent in this place.
 E = Time spent auto-exploring this place.
 F = Levels seen in this place.
 G = Mean time per level.
                   A        B        C        D        E       F      G
               +--------+--------+--------+--------+--------+-----+--------+
         Total |   2825 |   2743 |     82 |    100 |   2072 |   5 |  565.0 |
       Dungeon |   2825 |   2743 |     82 |    100 |   2072 |   5 |  565.0 |
               +--------+--------+--------+--------+--------+-----+--------+

Top non-repeatable levels by time:
     D:1: 1084 daAuts
     D:2: 879 daAuts
     D:3: 649 daAuts
     D:5: 172 daAuts
     D:4: 39 daAuts
